 Dungeon Crawl Stone Soup version 0.20.1-1-g8b1a95d (webtiles) character file.

4193 Lelling the Summoner (level 10, -2/56 HPs)
             Began as a Merfolk Summoner on Sept 1, 2017.
             Was a Believer of Fedhas.
             Slain by an efreet (10 damage)
             ... on level 10 of the Dungeon.
             The game lasted 01:56:19 (12312 turns).

Lelling the Summoner (Merfolk Summoner)            Turns: 12312, Time: 01:56:20

Health: -2/56      AC:  7    Str:  8    XL:     10   Next: 29%
Magic:  12/21      EV: 15    Int: 17    God:    Fedhas [**....]
Gold:   557        SH:  5    Dex: 16    Spells: 4/23 levels left

rFire    . . .     SeeInvis .   D - +3 spear (venom)
rCold    . . .     Gourm    .   u - +1 buckler {AC+3}
rNeg     + . .     Faith    .   a - +0 robe
rPois    .         Spirit   .   m - +0 helmet
rElec    .         Reflect  .   (no cloak)
rCorr    .         Harm     .   (no gloves)
MR       .....                  S - +0 pair of boots
Stlth    +++.......             (no amulet)
Regen    0.2/turn               q - ring of positive energy
MPRegen  0.2/turn               (no ring)

@: drained
A: change form in water, swift swim, stealthy swim, frail 2, sense surroundings
1
a: Fungal Bloom, Evolution, Sunlight, Renounce Religion


You were on level 10 of the Dungeon.
You worshipped Fedhas.
Fedhas was pleased with you.
You were not hungry.

You visited 2 branches of the dungeon, and saw 11 of its levels.

You collected 557 gold pieces.

Inventory:

Hand Weapons
 g - a +2 flail of holy wrath
 r - a +0 falchion of slicing
 t - a +0 war axe of chopping
 z - a +0 hunting sling
 D - a +3 spear of venom (weapon)
 E - a +0 shortbow
 G - a +1 shortbow of flaming
 J - a +0 whip of flaming
 Q - a +0 arbalest
 R - a +2 dagger of speed
Missiles
 d - 65 sling bullets
 i - 184 stones (quivered)
 k - 275 arrows
 B - 11 poisoned needles
 V - 5 needles of frenzy
 X - 4 curare-tipped needles
Armour
 a - a +0 robe (worn)
 m - a +0 helmet (worn)
 u - a +1 buckler of protection (worn)
 S - a +0 pair of boots (worn)
 W - a +2 buckler
Magical Staves
 U - an uncursed staff of earth
Jewellery
 o - an uncursed ring of ice
 q - a ring of positive energy (left hand)
 F - an uncursed ring of fire
Wands
 j - a wand of iceblast (9/15)
 n - a wand of confusion (24/48)
 p - a wand of random effects (45/48)
 C - a wand of flame (20/48)
 K - a wand of polymorph (1/24)
Scrolls
 f - 2 scrolls of teleportation
 v - 8 scrolls of remove curse
 y - a scroll of recharging
 H - a scroll of amnesia
 L - a scroll of magic mapping
 M - a scroll of enchant weapon
 T - a scroll of fog {unknown}
Potions
 e - 2 potions of ambrosia
 h - a potion of berserk rage
 l - 2 potions of lignification
 x - 2 potions of might
 I - 2 potions of cancellation
 O - a potion of agility {unknown}
Books
 b - a book of Callings

   Spells                             Type                      Level
   a - Summon Small Mammal            Summoning                    1
   b - Call Imp                       Summoning                    2
   c - Call Canine Familiar           Summoning                    3
   d - Summon Guardian Golem          Hexes/Summoning              3
   e - Summon Lightning Spire         Summoning/Air                4
   f - Summon Ice Beast               Ice/Summoning                4
 A - a book of Debilitation

   Spells                             Type                      Level
   a - Corona                         Hexes                        1
   b - Slow                           Hexes                        2
   c - Inner Flame                    Hexes/Fire                   3
   d - Portal Projectile              Hexes/Translocation          3
   e - Cause Fear                     Hexes                        4
   f - Leda's Liquefaction            Hexes/Earth                  4
 N - the Incunabulum of Dislocation
   (You found it on level 7 of the Dungeon)

   Spells                             Type                      Level
   a - Shroud of Golubria             Charms/Translocation         2
   b - Blink                          Translocation                2
   c - Summon Forest                  Summoning/Translocation      5
   d - Malign Gateway                 Summoning/Translocation      7
 P - a book of Battle

   Spells                             Type                      Level
   a - Infusion                       Charms                       1
   b - Shroud of Golubria             Charms/Translocation         2
   c - Song of Slaying                Charms                       2
   d - Spectral Weapon                Hexes/Charms                 3
   e - Regeneration                   Charms/Necromancy            3
Comestibles
 c - 4 bread rations
 s - 4 meat rations
 w - 19 fruits


   Skills:
 + Level 4.1(3.2) Fighting
 + Level 0.2(0.0) Short Blades
 + Level 1.7(2.3) Axes
 + Level 0.1(0.2) Maces & Flails
 + Level 7.1(6.5) Polearms
 + Level 6.4(5.5) Dodging
 + Level 4.8(3.9) Stealth
 + Level 2.4(1.5) Shields
 + Level 0.2(0.0) Unarmed Combat
 + Level 7.4(6.4) Spellcasting
 + Level 0.2(0.0) Charms
 + Level 8.8(7.8) Summonings
 + Level 0.2(0.0) Translocations
 + Level 0.9(0.1) Invocations
 + Level 1.1(0.3) Evocations


You had 4 spell levels left.
You knew the following spells:

 Your Spells              Type           Power        Failure   Level  Hunger
a - Summon Small Mammal   Summ           ####         1%          1    None
b - Call Imp              Summ           ####....     1%          2    None
c - Call Canine Familiar  Summ           ####....     1%          3    ##.....
d - Summon Lightning Spi  Summ/Air       ###.....     32%         4    ####...
e - Summon Forest         Summ/Tloc      ###.......   67%         5    #####..
f - Shroud of Golubria    Chrm/Tloc      #.........   26%         2    None
g - Slow                  Hex            #.......     26%         2    None


Dungeon Overview and Level Annotations

Branches:
Dungeon (10/15)            Temple (1/1) D:7            Lair (0/6) D:10
    Orc: D:9-12

Altars:
Ashenzari
Cheibriados
Dithmenos
Elyvilon
Fedhas
Gozag
Hepliaklqana
Kikubaaqudgha
Makhleb
Nemelex Xobeh
Okawaru
Qazlal
Ru
Sif Muna
Trog
Uskayaw
Vehumet
Xom
Yredelemnul
Zin
The Shining One

Annotations:
D:10 Sonja


Innate Abilities, Weirdness & Mutations

You revert to your normal form in water.
You are very nimble and swift while swimming.
You are very stealthy in the water. (Stealth+)
You are very frail. (-20% HP)
You passively map a small area around you.


Message History

The hell hound resists with some effort.
Evoking this partially-identified wand wasted a few charges.
You block the hell hound's attack. x2
Aiming: Polymorph (will waste charges)
Press: ? - help, Shift-Dir - straight line, f/p - hippogriff
Aim: a hippogriff (almost dead, chance to defeat MR: 42%)
The hell hound evaporates and reforms as an efreet!
Evoking this partially-identified wand wasted a few charges.
The hippogriff bites your crimson imp but does no damage.
The hippogriff closely misses your crimson imp.
The hippogriff claws your crimson imp.
Your crimson imp barely misses the hippogriff.
The hippogriff bites your crimson imp.
The hippogriff barely misses your crimson imp.
The hippogriff claws your crimson imp.
Your crimson imp hits the hippogriff.
Casting: Call Imp
Confirm with . or Enter, or press ? or * to list all spells.
The efreet hits you!
You die...
Fedhas appreciates your contribution to the ecosystem.

#######.......####
..............#
.........5....#
.........H....#
..............#
..............######
.............§.....#
###...........§....#
..#............R@..#
..#............r...#
..#..........#######
..#..........#
..'..........#
..#..........#
..#..........#
#'#..........#
#......#####.#


You could see a hippogriff, an efreet, a friendly crimson imp and a friendly
quokka.

Vanquished Creatures
  Pikel (D:5)
  A hungry ghost (D:8)
  Duvessa (D:5)
  2 orc warriors
  A sky beast (D:8)
  2 ice beasts
  2 black bears
  2 centaurs
  A crocodile (D:9)
  3 bullfrogs
  Dowan (D:5)
  2 scorpions
  A killer bee (D:9)
  A howler monkey (D:4)
  2 centaur zombies
  A quasit (D:9)
  3 hounds
  2 jellies (D:4)
  A centaur skeleton (D:10)
  3 orc priests
  2 orc wizards
  An iguana (D:5)
  4 worker ants
  A hound zombie (D:6)
  2 hound skeletons
  2 gnolls (D:4)
  8 adders
  8 oozes
  An adder skeleton (D:9)
  4 worms
  2 dart slugs
  4 leopard geckos
  14 orcs
  A ball python (D:6)
  5 giant cockroaches
  2 goblins
  7 hobgoblins
  6 jackals
  A quokka (D:4)
  5 bats
  3 frilled lizards
  6 kobolds
  A leopard gecko skeleton (D:8)
  A quokka zombie (D:7)
  6 rats
130 creatures vanquished.

Vanquished Creatures (collateral kills)
  A two-headed ogre (D:9)
  A troll (D:9)
  A hungry ghost (D:7)
  A hell hound (D:10)
  2 ice beasts (D:7)
  An orc warrior (D:7)
  A sky beast (D:7)
  2 ogres
  A wyvern zombie (D:9)
  A jelly (D:9)
  4 killer bees (D:9)
  A howler monkey (D:5)
  2 crimson imps (D:8)
  2 hounds (D:7)
  3 orc priests (D:6)
  7 orc wizards
  2 bullfrog skeletons (D:4)
  2 iguanas
  A worker ant (D:6)
  A hound zombie (D:8)
  2 gnolls (D:4)
  3 adders
  An ooze (D:4)
  An adder skeleton (D:5)
  An adder zombie (D:7)
  2 worms
  A dart slug (D:1)
  2 leopard geckos (D:2)
  21 orcs
  5 goblins
  8 hobgoblins
  2 jackals (D:6)
  2 quokkas (D:2)
  2 ball pythons
  6 bats
  A frilled lizard (D:2)
  5 kobolds
102 creatures vanquished.

Vanquished Creatures (others)
  A human (D:2)
  A frilled lizard (D:5)
  7 wandering mushrooms
  A fungus (D:4)
  130 toadstools
140 creatures vanquished.

Grand Total: 372 creatures vanquished

Notes
Turn   | Place    | Note
-------+----------+-------------------------------------------
     0 | D:1      | Lelling the Merfolk Summoner began the quest for the Orb.
     0 | D:1      | Reached XP level 1. HP: 13/13 MP: 3/3
   306 | D:1      | Reached XP level 2. HP: 16/19 MP: 3/5
   918 | D:2      | Reached XP level 3. HP: 20/24 MP: 3/6
  1262 | D:2      | Found an iron altar of Okawaru.
  2364 | D:2      | Found a blossoming altar of Fedhas.
  2369 | D:2      | Became a worshipper of Fedhas Madash
  2634 | D:2      | Found an ancient bone altar of Kikubaaqudgha.
  2636 | D:2      | Noticed a human
  2638 | D:2      | Killed a human
  2717 | D:2      | Reached XP level 4. HP: 29/31 MP: 5/7
  3112 | D:3      | Learned a level 2 spell: Call Imp
  3116 | D:3      | Learned a level 3 spell: Call Canine Familiar
  3341 | D:3      | Reached * piety under Fedhas
  4065 | D:4      | Reached skill level 1 in Axes
  4065 | D:4      | Reached XP level 5. HP: 36/36 MP: 9/9
  4562 | D:4      | Reached skill level 1 in Polearms
  4562 | D:4      | Reached XP level 6. HP: 38/42 MP: 3/11
  4571 | D:4      | Reached skill level 1 in Fighting
  4631 | D:4      | Reached skill level 5 in Summonings
  5060 | D:4      | Reached skill level 1 in Shields
  5111 | D:5      | Entered Level 5 of the Dungeon
  5193 | D:5      | Noticed Duvessa
  5194 | D:5      | Noticed Dowan
  5218 | D:5      | Killed Duvessa
  5218 | D:5      | Reached XP level 7. HP: 37/48 MP: 2/12
  5222 | D:5      | Killed Dowan
  5255 | D:5      | Found a bloodstained altar of Trog.
  5679 | D:5      | Noticed Pikel
  5711 | D:5      | Killed Pikel
  5711 | D:5      | Reached skill level 6 in Summonings
  5711 | D:5      | Reached skill level 1 in Evocations
  5711 | D:5      | Reached XP level 8. HP: 20/57 MP: 13/15
  6296 | D:6      | Reached skill level 5 in Spellcasting
  6474 | D:6      | Found a sparkling altar of Nemelex Xobeh.
  6485 | D:6      | Reached ** piety under Fedhas
  6586 | D:6      | Reached skill level 7 in Summonings
  6937 | D:6      | Found a hazy altar of Hepliaklqana.
  7543 | D:7      | Reached XP level 9. HP: 61/62 MP: 17/17
  7544 | D:7      | Found a radiant altar of Vehumet.
  7611 | D:7      | Reached skill level 5 in Polearms
  7634 | D:7      | Found a staircase to the Ecumenical Temple.
  7658 | Temple   | Entered the Ecumenical Temple
  7906 | D:7      | Found a blossoming altar of Fedhas.
  7926 | D:7      | Noticed an oklob plant
  8132 | D:7      | Identified the Incunabulum of Dislocation
  8145 | D:7      | Learned a level 4 spell: Summon Lightning Spire
  8151 | D:7      | Learned a level 5 spell: Summon Forest
  8154 | D:7      | Learned a level 2 spell: Shroud of Golubria
  8161 | D:7      | Found a hide-covered altar of Uskayaw.
  8203 | D:7      | Found a snail-covered altar of Cheibriados.
  8451 | D:7      | Reached skill level 5 in Dodging
  8538 | D:7      | Found a basalt altar of Yredelemnul.
  8973 | D:8      | Gained mutation: You are frail. (-10% HP) [mutagenic meat]
  8974 | D:8      | Gained mutation: You are very frail. (-20% HP) [mutagenic meat]
  8983 | D:8      | Gained mutation: You passively map a small area around you. [mutagenic meat]
  9120 | D:8      | Found a white marble altar of Elyvilon.
  9318 | D:8      | Found a glowing silver altar of Zin.
  9438 | D:8      | Reached skill level 8 in Summonings
  9972 | D:9      | Noticed a two-headed ogre
 10568 | D:9      | Killed a two-headed ogre
 10568 | D:9      | Reached XP level 10. HP: 31/56 MP: 6/20
 11047 | D:9      | Learned a level 2 spell: Slow
 11583 | D:10     | Entered Level 10 of the Dungeon
 12066 | D:10     | Noticed Sonja
 12217 | D:10     | Found a staircase to the Lair.
 12312 | D:10     | Slain by an efreet

Skill      XL: |  1  2  3  4  5  6  7  8  9 10 |
---------------+-------------------------------+-----
Stealth        | 3 4 |  4.8
Axes           | 1 |  1.7
Spellcasting   | 3 4 5 6 7 |  7.4
Dodging        | 3 4 6 |  6.4
Polearms       | 1 3 4 6 7 |  7.1
Fighting       | 1 2 4 |  4.1
Summonings     | 5 6 7 8 |  8.8
Shields        | 1 2 |  2.4
Evocations     | 1 |  1.1
Short Blades   | |  0.2
Maces & Flails | |  0.1
Unarmed Combat | |  0.2
Charms         | |  0.2
Translocations | |  0.2
Invocations    | |  0.9

Action                   |  1- 3 |  4- 6 |  7- 9 | 10-12 || total
-------------------------+-------+-------+-------+-------++-------
Melee: Unarmed           |     8 |       |       |       ||     8
       Club              |    66 |       |       |       ||    66
       War axe           |    27 |    40 |       |       ||    67
       Dagger            |     9 |       |       |       ||     9
       Spear             |     7 |    98 |   330 |    85 ||   520
Throw: Stone             |       |       |     1 |       ||     1
 Cast: Summon Small Mamm |    65 |    36 |    64 |    34 ||   199
       Call Canine Famil |       |    13 |    11 |     6 ||    30
       Call Imp          |       |       |    23 |     8 ||    31
       Shroud of Golubri |       |       |     1 |     1 ||     2
Invok: Fungal Bloom      |     4 |    11 |    28 |     7 ||    50
       Evolution         |       |       |    10 |     3 ||    13
Evoke: Wand              |       |     2 |     3 |     2 ||     7
  Use: Scroll            |     5 |     7 |     9 |     1 ||    22
       Potion            |       |     4 |     4 |       ||     8
 Stab: Sleeping          |     4 |     7 |     5 |     1 ||    17
       Distracted        |     2 |       |     2 |       ||     4
  Eat: Chunk             |     2 |     7 |     6 |       ||    15
       Bread ration      |     1 |     1 |     1 |     1 ||     4
       Meat ration       |       |       |     3 |       ||     3
       Royal jelly       |       |       |     1 |       ||     1
Armor: Robe              |    45 |    38 |    65 |    21 ||   169
Dodge: Dodged            |   177 |   101 |   180 |    71 ||   529
Block: Buckler           |       |    20 |    63 |    21 ||   104
